 Dungeon Crawl Stone Soup version 0.20.1-1-g8b1a95d (webtiles) character file.

42 robba the Charmwright (level 3, 0/27 HPs)
             Began as a Human Skald on Sept 11, 2017.
             Slain by Purgy (1 damage)
             ... on level 3 of the Dungeon.
             The game lasted 00:07:00 (1971 turns).

robba the Charmwright (Human Skald)                 Turns: 1971, Time: 00:07:01

Health: 0/27       AC:  4    Str: 12    XL:     3   Next: 77%
Magic:  1/6        EV: 12    Int: 13    God:
Gold:   96         SH:  0    Dex: 12    Spells: 3/6 levels left

rFire    . . .     SeeInvis .   a - +0 mace
rCold    . . .     Gourm    .   (no shield)
rNeg     . . .     Faith    .   q - +0 leather armour
rPois    .         Spirit   .   w - +0 helmet
rElec    .         Reflect  .   (no cloak)
rCorr    .         Harm     .   (no gloves)
MR       .....                  (no boots)
Stlth    +.........             (no amulet)
Regen    0.1/turn               (no ring)
MPRegen  0.1/turn               (no ring)

@: singing, very slightly contaminated
A: no striking features
a: no special abilities


You were on level 3 of the Dungeon.
You were not hungry.

You visited 1 branch of the dungeon, and saw 3 of its levels.

You collected 96 gold pieces.

Inventory:

Hand Weapons
 a - a +0 mace (weapon)
 n - a +1 short sword of holy wrath
Armour
 q - a +0 leather armour (worn)
 w - a +0 helmet (worn)
Scrolls
 b - a scroll of enchant armour {unknown}
 e - 2 scrolls of identify {unknown}
 f - a scroll of amnesia {unknown}
 g - 2 scrolls of remove curse
 h - a scroll of enchant weapon {unknown}
 r - a scroll of fear {unknown}
Potions
 i - a potion of invisibility {unknown}
 k - 2 potions of might {unknown}
 l - a potion of flight {unknown}
 m - a potion of heal wounds {unknown}
 o - 2 potions of lignification {unknown}
 p - 2 potions of berserk rage {unknown}
 s - a potion of curing {unknown}
 v - a potion of mutation {unknown}
Books
 c - a book of Battle

   Spells                             Type                      Level
   a - Infusion                       Charms                       1
   b - Shroud of Golubria             Charms/Translocation         2
   c - Song of Slaying                Charms                       2
   d - Spectral Weapon                Hexes/Charms                 3
   e - Regeneration                   Charms/Necromancy            3
Comestibles
 d - 3 bread rations
 j - 2 royal jellies
 t - 3 fruits


   Skills:
 + Level 2.1 Fighting
 + Level 2.4 Maces & Flails
 + Level 1.8 Armour
 + Level 2.2 Dodging
 + Level 2.2 Spellcasting
 + Level 3.3 Charms


You had 3 spell levels left.
You knew the following spells:

 Your Spells              Type           Power        Failure   Level  Hunger
a - Infusion              Chrm           ##..         8%          1    ##.....
b - Song of Slaying       Chrm           ##......     12%         2    ###....


Dungeon Overview and Level Annotations

Branches:
Dungeon (3/15)

Altars:
Xom

Annotations:
D:3 Purgy, Sigmund


Message History

You are too injured to fight recklessly!
You are too injured to fight recklessly!
You are too injured to fight recklessly!
The kobold hits you but does no damage.
An orc comes into view. It is wielding a hand axe of chopping.
Purgy pleads, "Don't hit me!"
You see here 2 poisoned needles.
You are no longer magically infusing your attacks.
The kobold unwields an uncursed club.
The kobold wields an uncursed blowgun.
The kobold shoots a poisoned needle.
The poisoned needle misses you.
You see here a poisoned needle.
Purgy bites you.
* * * LOW HITPOINT WARNING * * *
Purgy claws you but does no damage. Purgy claws you.
* * * LOW HITPOINT WARNING * * *
Sigmund casts a spell.
Sigmund flickers and vanishes!
Deactivating autopickup; reactivate with Ctrl-A.
You closely miss Purgy. Purgy bites you.
You die...

..... .#.. .....# .... .
..#.# .... . ..#.#
......# #.#.# .r...#.
#.#.# ..... #@#.# .
T..####T#.#####
....##.#..(K......##
#..{...rw.........######
#...#...(..............#
... #..............###.#
. #..................#
................^^^.#
..#..............^_..#


You could see Purgy, a worm and a kobold.

Vanquished Creatures
  A worm (D:2)
  A dart slug (D:1)
  A leopard gecko (D:2)
  2 bats (D:1)
  4 goblins
  6 hobgoblins
  4 jackals (D:1)
  6 kobolds
  A quokka (D:2)
  4 frilled lizards (D:1)
  4 rats
34 creatures vanquished.

Vanquished Creatures (others)
  A rat (D:1)
1 creature vanquished.

Grand Total: 35 creatures vanquished

Notes
Turn   | Place    | Note
-------+----------+-------------------------------------------
     0 | D:1      | robba the Human Skald began the quest for the Orb.
     0 | D:1      | Reached XP level 1. HP: 16/16 MP: 3/3
    55 | D:1      | Reached XP level 2. HP: 15/22 MP: 5/5
   627 | D:1      | Reached XP level 3. HP: 27/27 MP: 6/6
  1925 | D:2      | Learned a level 2 spell: Song of Slaying
  1934 | D:3      | Found a shimmering altar of Xom.
  1954 | D:3      | Noticed Purgy
  1966 | D:3      | Noticed Sigmund
  1969 | D:3      | HP: 1/27 [Purgy (4)]
  1971 | D:3      | Slain by Purgy

Action                   || total
-------------------------++-------
Melee: Mace              ||   117
 Cast: Infusion          ||     1
       Song of Slaying   ||     1
  Use: Scroll            ||     1
  Eat: Meat ration       ||     1
Armor: Leather armour    ||    26
Dodge: Dodged            ||    81
